 Dungeon Crawl Stone Soup version 0.29-a0-459-g97dee8cd24 (webtiles) character file.

Game seed: 7604135476005565622

32 acebull12 the Skirmisher (level 3, 31/31 HPs)
             Began as a Barachi Monk on May 21, 2022.
             Quit the game on level 2 of the Dungeon.
             The game lasted 00:02:30 (1579 turns).

acebull12 the Skirmisher (Barachi Monk)             Turns: 1579, Time: 00:02:31

Health: 31/31      AC:  2    Str: 14    XL:     3   Next: 25%
Magic:  3/3        EV: 13    Int: 10    God:
Gold:   57         SH:  0    Dex: 14    Spells: 2/2 levels left

rFire   . . .      SeeInvis .   a - +0 spear
rCold   . . .      Faith    .   (no shield)
rNeg    . . .      Spirit   .   b - +0 robe
rPois   +          Reflect  .   (no helmet)
rElec   .          Harm     .   (no cloak)
rCorr   .          Rampage  .   (no gloves)
Will    .....                   (no boots)
Stlth   ++........              (no amulet)
HPRegen 0.10/turn               d - ring of poison resistance
MPRegen 0.08/turn               (no ring)

@: slow
A: amphibious, slowness 1, strong legs 1, +LOS
a: Hop


You were on level 2 of the Dungeon.
You visited 1 branch of the dungeon, and saw 2 of its levels.

You collected 57 gold pieces.

Inventory:

Hand Weapons
 a - a +0 spear (weapon)
Armour
 b - a +0 robe (worn)
Jewellery
 d - a ring of poison resistance (left hand)
 e - a ring of fire
Scrolls
 g - a scroll of acquirement {unknown}
 h - a scroll of noise {unknown}
Potions
 c - a potion of ambrosia
 f - a potion of degeneration {unknown}
 i - a potion of curing {unknown}
 j - a potion of haste {unknown}


   Skills:
 * Level 4.4 Fighting
 * Level 3.2 Polearms
 + Level 3.8 Dodging
 + Level 1.7 Stealth


You had 2 spell levels left.
You didn't know any spells.
Your spell library contained the following spells:

 Spells                   Type           Power      Damage    Failure   Level
 Summon Small Mammal      Summ           0%         N/A       36%         1
 Call Canine Familiar     Summ           0%         N/A       75%         3
 Corpse Rot               Necr/Pois/Air  0%         N/A       98%         4
 Summon Mana Viper        Hex/Summ       0%         N/A       100%        5


Dungeon Overview and Level Annotations

Branches:
Dungeon (1/15)

Altars:

Shops:
D:1 *


Innate Abilities, Weirdness & Mutations

You are amphibious.
You cover ground slowly.
You can hop short distances.
You have an extended range of vision and can be seen from far away.


Message History

You hit the giant cockroach.
You kill the giant cockroach!
No target in view!
No target in view!
You open the door.
Done exploring.
Done exploring.
Done exploring.
There is a shaft here.
You fall into a shaft and drop 1 floor!
The shaft crumbles and collapses.
Found a leather armour and 15 gold pieces.
No target in view!
A sourceless malevolence fills the Dungeon... and a teleportation trap spontaneously manifests!
You are yanked towards a nearby monster!
Your surroundings suddenly seem different.
A bat comes into view.
Found a fizzy red potion and a leather armour.
The bat hits you but does no damage.
You hit the bat.
You kill the bat!
No target in view!
No target in view!
No target in view!
j - a fizzy red potion You open the door.
A kobold comes into view. It is wielding a +0 dagger.
The kobold shouts!
The kobold throws a stone.
The stone hits you.
A kobold is nearby!
You closely miss the kobold. Your punch misses the kobold.
The kobold closely misses you.
You hit the kobold.
You kill the kobold!
No target in view!
No target in view!
HP restored.
Things that are here:
a +0 dagger; 2 stones; a kobold corpse Are you sure you want to abandon this character and quit the game? (Confirm with "yes".)

### ..#+#+#####
#..........
#..........
##+####..........
........@........
......##.........
..... +...#+#####
......##..#.#
...........######
..
...........'....+
..
#####[.....######
.. #......# ..
#......# ##


There were no monsters in sight!

Vanquished Creatures
  3 dart slugs (D:1)
  A bat (D:2)
  2 endoplasms (D:1)
  2 giant cockroaches (D:1)
  A goblin (D:1)
  2 hobgoblins (D:1)
  3 jackals (D:1)
  4 kobolds
  A ball python (D:1)
  A frilled lizard (D:1)
  3 rats (D:1)
23 creatures vanquished.

Notes
Turn   | Place    | Note
-------+----------+-------------------------------------------
     0 | D:1      | acebull12 the Barachi Monk began the quest for the Orb.
     0 | D:1      | Reached XP level 1. HP: 18/18 MP: 1/1
   398 | D:1      | Reached skill level 4 in Fighting
   469 | D:1      | Reached XP level 2. HP: 19/25 MP: 2/2
   728 | D:1      | Reached XP level 3. HP: 13/31 MP: 3/3
  1061 | D:1      | Got the Collected Works on the Toxic Entourage
  1399 | D:1      | Found Guogyst's General Store.
  1556 | D:1      | You fall into a shaft and drop 1 floor!
  1579 | D:2      | Quit the game

Illustrated notes

Levels and vault maps discovered:
D:1:      erik_arrival_cave_to_civilisation [erik_arrival_cave_to_hall],
          layout_basic, serial_shops, shop, bh_walls_and_bars
D:2:      layout_basic

Skill      XL: |  1 |
---------------+----+-----
Fighting       | 4 |  4.4
Polearms       | |  3.2
Dodging        | |  3.8
Stealth        | |  1.7

Action                   || total
-------------------------++-------
Melee: Spear             ||    90
       Punch             ||     1
 Abil: Hop               ||     1
 Stab: Sleeping          ||     2
Armor: Robe              ||    11
Dodge: Dodged            ||    47

Table legend: (Time is in decaauts)
 A = Elapsed time spent in this place.
 B = Non-inter-level travel time spent in this place.
 C = Inter-level travel time spent in this place.
 D = Time resting spent in this place.
 E = Time spent auto-exploring this place.
 F = Levels seen in this place.
 G = Mean time per level.
                   A        B        C        D        E       F      G
               +--------+--------+--------+--------+--------+-----+--------+
         Total |   1711 |   1711 |      0 |    381 |   1096 |   2 |  855.5 |
       Dungeon |   1711 |   1711 |      0 |    381 |   1096 |   2 |  855.5 |
               +--------+--------+--------+--------+--------+-----+--------+

Top non-repeatable levels by time:
     D:1: 1686 daAuts
     D:2: 24 daAuts
